 Dungeon Crawl Stone Soup version 0.32-a0-126-g9fbf7fb75a (webtiles) character file.

Game seed: 7261761048024265744

504140 Nattfarinn the Skinwalker (level 25, -9/387 HPs)
             Began as an Oni Hedge Wizard on Feb 7, 2024.
             Was the Champion of Okawaru.
             Mangled by Vv (13 damage)
             ... on level 3 of the Depths.
             The game lasted 02:45:46 (60580 turns).

Nattfarinn the Skinwalker (Oni Hedge Wizard)       Turns: 60580, Time: 02:45:47

Health: -9/387     AC: 19    Str: 37    XL:     25   Next: 29%
Magic:  39/39      EV: 12    Int: 19    God:    Okawaru [******]
Gold:   2069       SH:  0    Dex: 11    Spells: 31/49 levels left

rFire   + + .        a - melded +9 demon whip (vamp)
rCold   + . .        X - melded +5 kite shield {AC+3}
rNeg    + . .        N - melded +5 acid dragon scales
rPois   +            c - melded +2 hat
rElec   .            k - melded scarf of Puckish Life {+Inv, Will+++}
rCorr   .            (gloves unavailable)
SInv    .            (boots unavailable)
Will    +++++        l - amulet of the Four Winds {rN+ Will+++ Clar}
Stlth   ++           C - ring "Coafirch" {+Blink rC++ AC+4 Int+2 Dex+3}
HPRegen 0.84/turn    G - ring of flight
MPRegen 0.26/turn

%: clarity
@: about to teleport, dragon-form, flying, studying Spellcasting
A: dragon claw, dragon scales, breathe fire, flying, boosted hp, giant,
unfitting armour, (horns 1), (tough skin 1), double potion healing, drunken
brawling, subdued magic 1
}: 2/15 runes: barnacled, gossamer
a: Breathe Fire, Begin Untransformation, Renounce Religion, Evoke Blink,
Heroism, Finesse, Duel


You were on level 3 of the Depths.
You worshipped Okawaru.
Okawaru was exalted by your worship.
You were a fearsome dragon!
You visited 9 branches of the dungeon, and saw 41 of its levels.
You visited 1 bazaar.
You also visited: Wizlab.

You collected 6140 gold pieces.
You spent 4071 gold pieces at shops.

Inventory:

Hand Weapons
 a - a +9 vampiric demon whip (melded)
 b - a +5 sacred scourge of holy wrath
Armour
 c - a +2 hat (melded)
 k - the scarf of Puckish Life (melded) {+Inv, Will+++}
   (You found it on level 4 of the Spider Nest)

   Will+++:   It greatly increases your willpower.
 N - +5 acid dragon scales (melded)
 O - the orb of Transparent Brilliance {light, Rampage rN+ Str-3}
   (You took it off Frederick on level 4 of the Vaults)

   Str-3:     It affects your strength (-3).
   rN+:       It protects you from negative energy.
   Rampage:   It bestows one free step when moving towards enemies.
 X - a +5 kite shield of protection (melded)
Jewellery
 l - the amulet of the Four Winds (around neck) {rN+ Will+++ Clar}
   (You found it on level 3 of the Crypt)

   [amulet of nothing]

   rN+:       It protects you from negative energy.
   Will+++:   It greatly increases your willpower.
   Clar:      It protects you from confusion, rage, mesmerisation and fear.
 r - a ring of wizardry
 z - the amulet of Weiful Venn {Acrobat Will+}
   (You acquired it in a bazaar)

   [amulet of the acrobat]

   Acrobat:   It increases your evasion while moving and waiting.
   Will+:     It increases your willpower.
 C - the ring "Coafirch" (left foreclaw) {+Blink rC++ AC+4 Int+2 Dex+3}
   (You acquired it on level 1 of the Spider Nest)

   [ring of protection]

   AC+4:      It affects your AC (+4).
   Int+2:     It affects your intelligence (+2).
   Dex+3:     It affects your dexterity (+3).
   rC++:      It greatly protects you from cold.
   +Blink:    It lets you blink.
 G - a ring of flight (right foreclaw)
 T - a +5 ring of evasion
 V - an amulet of reflection
 W - an amulet of magic regeneration
 Y - a ring of protection from fire
Talismans
 e - a dragon-blood talisman (active)
 f - a storm talisman
 J - a granite talisman
 U - the flux talisman of Dogmatism {rN+ Int+3}
   (You found it in a wizard's laboratory)

   [flux talisman]

   Int+3:     It affects your intelligence (+3).
   rN+:       It protects you from negative energy.
Wands
 h - a wand of polymorph (14)
 n - a wand of iceblast (39)
 u - a wand of flame (98)
 v - a wand of light (30)
 D - a wand of mindburst (32)
Scrolls
 g - 6 scrolls of amnesia
 i - a scroll of silence
 q - 7 scrolls of vulnerability
 w - 11 scrolls of fear
 x - 13 scrolls of teleportation
 B - 4 scrolls of revelation
 H - 3 scrolls of immolation
 L - 4 scrolls of noise
 M - 3 scrolls of torment
 P - 5 scrolls of fog
 Q - 11 scrolls of poison
 S - 2 scrolls of brand weapon
Potions
 d - 3 potions of magic
 j - 7 potions of berserk rage
 m - 10 potions of enlightenment
 o - 10 potions of haste
 p - 4 potions of attraction
 t - 17 potions of mutation
 y - 10 potions of brilliance
 A - 4 potions of invisibility
 E - 4 potions of lignification
 F - 8 potions of might
 K - 4 potions of cancellation
 R - 5 potions of ambrosia
 Z - 13 potions of curing
Miscellaneous
 I - a tin of tremorstones (2/2)


   Skills:
 - Level 16.6 Fighting
 - Level 12.9 Maces & Flails
 - Level 6.9 Armour
 - Level 13.4 Dodging
 - Level 1.4 Stealth
 - Level 13.2 Shields
 * Level 11.2 Unarmed Combat
 - Level 12.6 Spellcasting
 - Level 0.8 Conjurations
 - Level 10.8 Hexes
 - Level 0.8 Summonings
 - Level 0.8 Translocations
 - Level 10.6 Alchemy
 - Level 9.0 Invocations
 - Level 10.0 Evocations
 - Level 21.4 Shapeshifting


You had 31 spell levels left.
You knew the following spells:

 Your Spells              Type           Power      Damage    Failure   Level
a - Magic Dart            Conj           44%        1d5       3%          1
b - Sandblast             Erth           18%        2d7       4%          1
c - Mephitic Cloud        Conj/Alch/Air  20%        N/A       2%          3
d - Olgreb's Toxic Radia  Alch           40%        N/A       1%          4
e - Ignite Poison         Fire/Alch      24%        N/A       4%          4
f - Silence               Hex/Air        12%        N/A       14%         5

Your spell library contained the following spells:

 Spells                   Type           Power      Damage    Failure   Level
 Slow                     Hex            100%       N/A       1%          1
 Sting                    Conj/Alch      100%       1d9       1%          1
 Cigotuvi's Dreadful Rot  Necr/Alch/Air  38%        N/A       1%          2
 Ensorcelled Hibernation  Hex/Ice        50%        N/A       1%          2
 Mercury Vapours          Alch/Air       48%        N/A       1%          2
 Confusing Touch          Hex            40%        N/A       1%          3
 Dazzling Flash           Conj/Hex       52%        N/A       1%          3
 Sigil of Binding         Hex            40%        N/A       1%          3
 Cause Fear               Hex            20%        N/A       1%          4
 Apportation              Tloc           22%        N/A       3%          1
 Dimensional Bullseye     Hex/Tloc       13%        N/A       3%          4
 Necrotise                Necr           36%        1d5       4%          1
 Blink                    Tloc           22%        N/A       4%          2
 Searing Ray              Conj           22%        2d5       4%          2
 Anguish                  Hex/Necr       12%        N/A       4%          4
 Fulminant Prism          Conj/Alch      12%        3d9       4%          4
 Sticky Flame             Fire/Alch      24%        2d6       4%          4
 Sublimation of Blood     Necr           9%         N/A       7%          2
 Hailstorm                Conj/Ice       10%        3d6       12%         3
 Stone Arrow              Conj/Erth      20%        3d8       12%         3
 Fugue of the Fallen      Necr           9%         N/A       14%         3
 Ozocubu's Armour         Ice            9%         N/A       14%         3
 Passwall                 Erth           9%         N/A       14%         3
 Vampiric Draining        Necr           9%         2d6       14%         3
 Metabolic Englaciation   Hex/Ice        12%        N/A       14%         5
 Iskenderun's Mystic Bla  Conj/Tloc      11%        2d4       32%         4
 Passage of Golubria      Tloc           11%        N/A       32%         4
 Brom's Barrelling Bould  Conj/Erth      10%        2d3       38%         4
 Dispel Undead            Necr           9%         3d8       45%         4
 Enfeeble                 Hex            20%        N/A       45%         7
 Iskenderun's Battlesphe  Conj           11%        2d7       69%         5
 Fireball                 Conj/Fire      5%         3d5       77%         5
 Freezing Cloud           Conj/Ice/Air   5%         6-21      77%         5
 Borgnjor's Vile Clutch   Necr/Erth      4%         N/A       82%         5
 Curse of Agony           Necr           9%         N/A       82%         5
 Lee's Rapid Deconstruct  Erth           4%         3d5*      82%         5
 Discord                  Hex            20%        N/A       99%         8
 Conjure Ball Lightning   Conj/Air       5%         3x3d6     100%        6
 Orb of Destruction       Conj           5%         9d5       100%        7
 Ozocubu's Refrigeration  Ice            4%         4d8       100%        7
 Lehudib's Crystal Spear  Conj/Erth      5%         10d3      100%        8
 Chain Lightning          Conj/Air       5%         3d6       100%        9
 Fire Storm               Conj/Fire      5%         8d1       100%        9
 Shatter                  Erth           4%         3d8*      100%        9
 Tukima's Dance           Hex            Unusable   N/A       N/A         3
 Summon Small Mammal      Summ           Unusable   N/A       N/A         1
 Call Imp                 Summ           Unusable   N/A       N/A         2
 Call Canine Familiar     Summ           Unusable   N/A       N/A         3
 Summon Ice Beast         Ice/Summ       Unusable   N/A       N/A         3
 Animate Armour           Summ/Erth      Unusable   N/A       N/A         4
 Martyr's Knell           Necr/Summ      Unusable   N/A       N/A         4
 Summon Lightning Spire   Summ/Air       Unusable   N/A       N/A         4
 Animate Dead             Necr           Unusable   N/A       N/A         4
 Sculpt Simulacrum        Ice/Alch       Unusable   N/A       N/A         6
 Death Channel            Necr           Unusable   N/A       N/A         6
 Summon Hydra             Summ           Unusable   N/A       N/A         7

Dungeon Overview and Level Annotations

Branches:
Dungeon (15/15)            Temple (1/1) D:6            Lair (5/5) D:11
 Shoals (4/4) Lair:3       Spider (4/4) Lair:2        Slime (0/5) Lair:4
    Orc (2/2) D:9             Elf (0/3) Orc:2        Vaults (4/5) D:14
  Crypt (3/3) Vaults:2       Tomb (0/3) Crypt:3      Depths (3/4) D:15
 WizLab (visited)

Altars:
Cheibriados
Dithmenos
Elyvilon
Fedhas
Gozag
Hepliaklqana
Kikubaaqudgha
Makhleb
Okawaru
Qazlal
Ru
Sif Muna
Trog
Uskayaw
Vehumet
Wu Jian
Xom
Yredelemnul
Zin
The Shining One
Jiyva
Lugonu

Shops:
D:6 :   D:9 (   D:14 :   Orc:1 :   Orc:2 [::[(   Shoals:2 *   Shoals:3 *
Shoals:4 :   Vaults:2 :   Vaults:4 =?([[

Portals:
Hell: Depths:1 Depths:2
Abyss: Depths:3
Pandemonium: Depths:2
Ziggurat: Depths:3
Trove: Vaults:2 (show abyssal rune of Zot)

Annotations:
D:3 1 runed translucent door, bestjelly's ghost, amateur MiBe
D:13 2 transporters, Zesuymiq's ghost, journeyman DrSh
Lair:4 1 runed translucent door
Spider:3 2 transporters, ballabu's ghost, adept DsGl
Depths:3 Vv


Innate Abilities, Weirdness & Mutations

You are a fearsome dragon!
You have a powerful clawing attack.
Your giant scaled body is strong and resilient, but less evasive.
You can breathe fire.
You are flying.
Your maximum health is greatly increased.
Your armour is entirely melded.
You are incapable of wielding weapons or throwing items.
You are too large for most types of armour.
((You have a pair of small horns on your head.))
((You have tough skin. (AC +1)))
You gain doubled healing and magic from potions.
Whenever you drink a healing potion, you attack all around you.
Your spells are a little easier to cast, but a little less powerful.


Message History

Vv is severely damaged.
You savour every drop.
You feel much better. Vv hits you!!
* * * LOW HITPOINT WARNING * * *
Vv freezes you!! You resist.
* * * LOW HITPOINT WARNING * * *
Vv hits you!
* * * LOW HITPOINT WARNING * * *
You are engulfed in flames!
You resist.
* * * LOW HITPOINT WARNING * * *
Unknown command.
You bite Vv!!
Vv is severely damaged.
Vv hits you but does no damage. Vv hits you.
* * * LOW HITPOINT WARNING * * *
You are engulfed in flames!
You resist.
* * * LOW HITPOINT WARNING * * *
Unknown command.
Okay, then.
You take a swig of the potion and flex your muscles.
You bite Vv!! You tail-slap Vv, but do no damage.
You claw Vv, but do no damage. Your bite misses Vv.
Vv is almost destroyed.
You savour every drop.
You feel much better. Vv hits you.
* * * LOW HITPOINT WARNING * * *
Vv freezes you!! You resist.
* * * LOW HITPOINT WARNING * * *
Vv hits you!!
* * * LOW HITPOINT WARNING * * *
You are engulfed in flames!
You resist.
* * * LOW HITPOINT WARNING * * *
Unknown command.
Okay, then.
Press: ? - help, v - describe, . - travel The floor, spattered with blood.
Okay, then.
As you read the scroll of teleportation, it crumbles to dust.
You feel strangely unstable. Vv hits you!
* * * LOW HITPOINT WARNING * * *
Vv freezes you! You resist.
You die...

#.# .#./#.# .#..#.#
.....# .# .##.#..#..
..#.##.#..#.##
....##.#..#..##
##.#........#D9.#.##
.... #..#.##...#....#
#..## #>.......###...#
..#
#.##....†..##.##..#
###
#.........##.∩.##.# #
####.......##.##.... #
#.......[...###..#.# #
#....#####...#...#.#
#####....#####.#...).#


You could see Vv.

Vanquished Creatures
  Frederick (Vaults:4)
  A dread lich (Crypt:3)
  Mara (D:15)
  Mennas (Vaults:4)
  Boris (twice) (Vaults:2 Vaults:3)
  Bai Suzhen (Arena)
  Saint Roka (Arena)
  3 caustic shrikes (Depths:2)
  A golden dragon (Depths:1)
  Nikola (Shoals:4)
  Jory (Vaults:4)
  3 bone dragons
  A mutant beast (WizLab)
  Arachne (Spider:4)
  A tentacled monstrosity (Depths:3)
  2 liches (Crypt:3)
  A kraken (Shoals:4)
  Asterion (Spider:3)
  A sphinx (Depths:1)
  11 ancient champions
  3 tengu reavers
  The ghost of Yhis Fol the Warrior, an adept MiFi of the Shining One (Shoals:1)
  A daeva (Vaults:2)
  Aizul (Spider:3)
  Donald (Arena)
  3 revenants
  Roxanne (Spider:4)
  4 fire giants
  2 iron dragons
  2 frost giants
  11 vault wardens
  4 emperor scorpions
  4 ghost moths
  A juggernaut zombie (Crypt:3)
  3 ghouls
  5 orc warlords
  11 ironbound preservers
  2 curse skulls
  An angel (Vaults:2)
  A caustic shrike skeleton (Crypt:3)
  18 very ugly things
  6 stone giants
  4 ironbound thunderhulks
  A juggernaut skeleton (Crypt:3)
  2 spriggan defenders (Depths:2)
  A broodmother (shapeshifter) (WizLab)
  8 vampire knights
  3 broodmothers
  6 dire elephants
  9 spark wasps
  7 eidola
  An acid blob zombie (Crypt:2)
  Snorg (Lair:4)
  7 merfolk javelineers
  A crystal guardian (Vaults:3)
  14 merfolk impalers
  8 yaktaur captains
  7 fire dragons
  5 ettins
  Harold (D:10)
  10 jiangshi
  9 entropy weavers
  A mummy priest (Crypt:3)
  A quicksilver dragon skeleton (Crypt:3)
  4 rakshasas
  11 hydras
  A salamander tyrant (Depths:2)
  A spriggan zombie (Depths:2)
  2 great orbs of eyes
  5 ice dragons
  9 vault guards
  An ogre mage (Orc:2)
  2 spriggan skeletons (Crypt:3)
  2 peacekeepers
  A hell beast (Depths:2)
  3 merfolk avatars
  An alligator (shapeshifter) (WizLab)
  5 ironbound frosthearts
  2 jorogumos
  9 boulder beetles
  7 merfolk aquamancers
  A satyr (Shoals:3)
  A two-headed ogre (D:12)
  4 radroaches (WizLab)
  A fenstrider witch skeleton (Crypt:3)
  7 centaur warriors
  A two-headed ogre (shapeshifter) (Vaults:4)
  6 demonic crawlers
  6 deep troll shamans
  11 tengu warriors
  Urug (Lair:4)
  A bennu skeleton (Crypt:2)
  4 deep troll earth magi
  A titan zombie (Crypt:2)
  6 vampire magi
  7 spriggan berserkers
  2 occultists (Depths:1)
  6 orc high priests
  6 hell knights
  2 shock serpents (shapeshifter) (WizLab)
  2 soul eaters (Crypt:2)
  63 skeletal warriors
  A titan skeleton (Crypt:3)
  13 sea snakes
  6 pharaoh ants
  A storm dragon zombie (Crypt:2)
  2 iron trolls (Depths:1)
  A spark wasp zombie (Depths:2)
  41 deep trolls
  Lodul (D:11)
  A deep troll (shapeshifter) (Depths:1)
  2 flayed ghosts (Crypt:2)
  5 skysharks
  A golden dragon zombie (Depths:2)
  An orb spider (shapeshifter) (WizLab)
  A storm dragon skeleton (Crypt:3)
  4 arcanists
  2 glowing orange brains
  A bog body (Crypt:2)
  A golden dragon skeleton (Crypt:3)
  2 bunyip skeletons (Crypt:3)
  10 orb spiders
  An iron giant skeleton (Crypt:3)
  A spriggan druid (Depths:2)
  A lindwurm (shapeshifter) (WizLab)
  A fenstrider witch simulacrum (Crypt:3)
  2 anaconda skeletons (Crypt:3)
  15 orc knights
  14 ironbound convokers
  9 phantasmal warriors
  7 steelbarb worms
  10 necromancers
  8 lindwurms
  13 harpies
  8 orc sorcerers
  23 wolf spiders
  A deep elf pyromancer (D:12)
  A salamander (shapeshifter) (D:13)
  A stone giant zombie (Crypt:1)
  A cyclops (shapeshifter) (WizLab)
  9 cyclopes
  3 fauns (Shoals:3)
  18 manticores
  2 shining eyes (shapeshifter)
  A faun (shapeshifter) (WizLab)
  An alligator skeleton (Crypt:3)
  38 ugly things
  A moth of wrath (shapeshifter) (Depths:1)
  3 centaur zombies
  Maurice (D:8)
  5 elephants (Lair:4)
  2 dire elephant zombies
  4 meliai (Spider:4)
  3 moths of wrath
  3 water nymphs
  11 kobold blastminers
  2 merfolk sirens
  A guardian serpent (shapeshifter) (WizLab)
  A water nymph (shapeshifter) (WizLab)
  17 vault sentinels
  4 torpor snails
  13 cane toads
  2 centaur skeletons (Crypt:3)
  3 gargoyles
  3 black mambas
  A green draconian zombie (Crypt:3)
  7 large abominations (WizLab)
  2 dire elephant skeletons (Crypt:3)
  An unseen horror (shapeshifter) (D:14)
  An efreet (D:13)
  An eye of devastation (shapeshifter) (WizLab)
  An unseen horror (D:13)
  5 rime drakes
  A black draconian zombie (Crypt:1)
  10 komodo dragons
  An alligator snapping turtle skeleton (Crypt:3)
  7 kobold demonologists
  6 guardian mummies
  22 yaktaurs
  8 tengu conjurers
  A yaktaur (shapeshifter) (D:15)
  4 freezing wraiths
  A sea snake skeleton (Crypt:2)
  A white draconian skeleton (Crypt:2)
  A harpy zombie (Crypt:3)
  10 trolls
  5 polar bears
  24 tarantellas
  30 merfolk
  A troll (shapeshifter) (D:14)
  7 wind drakes
  36 blink frogs
  3 dream sheep (Shoals:1)
  An ettin zombie (Crypt:1)
  11 hornets
  4 harpy skeletons
  13 snapping turtles
  5 glass eyes
  36 slime creatures
  Sigmund (D:5)
  26 jumping spiders
  30 culicivoras
  16 spriggans
  2 ettin skeletons (Crypt:3)
  A guardian serpent skeleton (Crypt:1)
  A black mamba zombie (Crypt:3)
  11 water elementals
  2 wyverns
  A centaur simulacrum (D:12)
  8 wraiths
  An orc simulacrum (Crypt:1)
  2 basilisks
  A culicivora (shapeshifter) (WizLab)
  32 yaks
  A golden eye (shapeshifter) (WizLab)
  Grum (D:9)
  6 steam dragons
  A warg (Orc:1)
  A naga zombie (Crypt:3)
  76 redbacks
  8 vampire mosquitoes
  Menkaure (D:5)
  6 small abominations (WizLab)
  2 swamp worms (shapeshifter)
  An iron golem (WizLab)
  4 acid dragons
  2 naga skeletons (Crypt:3)
  12 water moccasins
  A glowing shapeshifter skeleton (Depths:2)
  6 black bears
  An ice beast (D:8)
  46 orc warriors
  A black bear (shapeshifter) (D:15)
  3 sky beasts (D:7)
  10 laughing skulls
  26 ogres
  5 boggarts
  A tengu (shapeshifter) (WizLab)
  14 centaurs
  27 wolves
  A dream sheep skeleton (Crypt:1)
  A manticore skeleton (Crypt:1)
  A phantom (D:5)
  A hog skeleton (Crypt:1)
  5 kobold brigands (D:12)
  A komodo dragon zombie (Crypt:1)
  14 bullfrogs
  A gnoll sergeant (D:8)
  A water moccasin zombie (Crypt:3)
  4 scorpions
  9 wights
  14 killer bees
  A polar bear skeleton (Crypt:3)
  7 howler monkeys
  3 electric eels (Lair:2)
  A raiju skeleton (Crypt:1)
  2 jellies (D:5)
  28 orc priests
  2 bombardier beetles
  2 hounds (D:6)
  A bullfrog skeleton (Crypt:3)
  4 sleepcaps
  6 iguanas
  13 human skeletons
  27 orc wizards
  Natasha (thrice) (D:4)
  7 gnolls
  8 adders
  2 shadow imps
  2 ufetubi (D:5)
  A lava snake skeleton (Crypt:2)
  2 dart slugs
  A ribbon worm (D:2)
  94 orcs
  6 bats
  8 endoplasms
  3 goblins
  A hobgoblin (D:4)
  8 jackals
  17 kobolds
  2 quokkas
  9 ball pythons
  6 frilled lizards
  A jackal skeleton (Crypt:1)
  An orc skeleton (Crypt:3)
  4 rats (D:1)
  A rat skeleton (Crypt:3)
  A tentacle (Shoals:4)
1803 creatures vanquished.

Vanquished Creatures (others)
  A harpy (Depths:2)
  A wolf spider (Spider:4)
  3 spectral weapons
  4 tentacles (Shoals:4)
9 creatures vanquished.

Grand Total: 1812 creatures vanquished

Notes
Turn   | Place    | Note
-------+----------+-------------------------------------------
     0 | D:1      | Nattfarinn the Oni Hedge Wizard began the quest for the
                  | Orb.
     0 | D:1      | Reached XP level 1. HP: 16/16 MP: 5/5
    80 | D:1      | Reached skill level 1 in Fighting
    99 | D:1      | Reached XP level 2. HP: 23/28 MP: 4/6
   541 | D:2      | Reached XP level 3. HP: 16/36 MP: 1/8
   772 | D:2      | Got the Precepts of the Firefly
   775 | D:2      | Learned a level 1 spell: Sandblast
   863 | D:2      | You fall into a shaft and drop 2 floors!
   918 | D:3      | Identified the +6 whip of Mutilation {spect, Str+4}
  1275 | D:2      | Reached skill level 1 in Maces & Flails
  1320 | D:3      | Reached XP level 4. HP: 45/45 MP: 10/10
  1327 | D:3      | Found a runed translucent door.
  1327 | D:3      | Noticed bestjelly's ghost (amateur MiBe)
  1618 | D:3      | Found a shimmering altar of Xom.
  1622 | D:3      | Found a radiant altar of Vehumet.
  1627 | D:3      | Found a sacrificial altar of Ru.
  1842 | D:3      | Found a faded altar of an unknown god.
  2179 | D:4      | Noticed Natasha
  2185 | D:4      | Killed Natasha
  2217 | D:4      | Noticed Natasha
  2222 | D:4      | Killed Natasha
  2223 | D:4      | Reached XP level 5. HP: 50/54 MP: 11/11
  2317 | D:4      | Reached XP level 6. HP: 63/63 MP: 12/12
  2707 | D:4      | Noticed Natasha
  2714 | D:4      | Killed Natasha
  2820 | D:5      | Entered Level 5 of the Dungeon
  2820 | D:5      | Noticed a black bear
  2823 | D:5      | Killed a black bear
  2824 | D:5      | Reached skill level 5 in Fighting
  3023 | D:5      | Noticed Sigmund
  3036 | D:5      | Learned a level 3 spell: Mephitic Cloud
  3218 | D:5      | Found a shimmering altar of Xom.
  3294 | D:5      | Noticed Menkaure
  3301 | D:5      | Killed Menkaure
  3302 | D:5      | Reached skill level 5 in Maces & Flails
  3302 | D:5      | Reached XP level 7. HP: 75/75 MP: 13/13
  3455 | D:5      | Killed Sigmund
  3456 | D:5      | Reached XP level 8. HP: 87/87 MP: 14/14
  4026 | D:6      | Found a staircase to the Ecumenical Temple.
  4029 | D:6      | Noticed a troll
  4039 | D:6      | Killed a troll
  4528 | D:6      | Found Kousk's Book Shoppe.
  4783 | Temple   | Entered the Ecumenical Temple
  4807 | Temple   | Became a worshipper of Warmaster Okawaru
  4824 | D:6      | Reached XP level 9. HP: 97/97 MP: 15/15
  5155 | D:7      | Noticed a komodo dragon
  5172 | D:7      | Killed a komodo dragon
  5439 | D:7      | Reached * piety under Okawaru
  5440 | D:7      | Reached skill level 10 in Maces & Flails
  5529 | D:7      | Reached skill level 10 in Fighting
  6193 | D:8      | Reached skill level 1 in Invocations
  6193 | D:8      | Reached XP level 10. HP: 102/111 MP: 14/16
  6257 | D:8      | Noticed Maurice
  6289 | D:8      | Maurice stole a ring of protection from cold
  6297 | D:8      | Killed Maurice
  6297 | D:8      | Reached ** piety under Okawaru
  7499 | D:8      | Found a hazy altar of Hepliaklqana.
  7531 | D:9      | Noticed Grum
  7704 | D:9      | Reached *** piety under Okawaru
  8060 | D:9      | Reached skill level 5 in Invocations
  8305 | D:9      | Found Feuxid's Weapon Shop.
  8305 | D:9      | Found a staircase to the Orcish Mines.
  8340 | D:9      | Killed Grum
  8739 | D:9      | Reached XP level 11. HP: 109/119 MP: 17/17
  8793 | D:9      | Reached skill level 1 in Armour
  9029 | D:10     | Entered Level 10 of the Dungeon
  9087 | D:10     | Noticed Harold
  9099 | D:10     | Killed Harold
  9099 | D:10     | Reached **** piety under Okawaru
 10102 | D:10     | Reached ***** piety under Okawaru
 10267 | D:10     | Identified the +0 plate armour of Chimes {rF++ Will-}
 10696 | D:10     | Reached skill level 5 in Armour
 11419 | D:11     | Received a gift from Okawaru
 11634 | D:11     | Found a staircase to the Lair.
 12003 | D:11     | Learned a level 4 spell: Olgreb's Toxic Radiance
 12067 | D:12     | Noticed Lodul
 12616 | Lair:1   | Entered Level 1 of the Lair of Beasts
 12621 | Lair:1   | Reached skill level 1 in Alchemy
 12621 | Lair:1   | Reached XP level 12. HP: 128/128 MP: 18/18
 13028 | Lair:1   | Reached skill level 5 in Spellcasting
 13586 | Lair:1   | Noticed a seven-headed hydra
 13591 | Lair:1   | Received a gift from Okawaru
 13764 | Lair:1   | Killed a seven-headed hydra
 14298 | Lair:2   | Reached skill level 5 in Alchemy
 14618 | Lair:2   | Noticed a seven-headed hydra
 15583 | Lair:2   | Received a gift from Okawaru
 15886 | Lair:2   | Killed a seven-headed hydra
 16101 | Lair:2   | Noticed an eight-headed hydra
 16108 | Lair:2   | Killed an eight-headed hydra
 16442 | Lair:2   | Found a hole to the Spider Nest.
 16451 | Lair:2   | Reached XP level 13. HP: 105/135 MP: 14/24
 17159 | Lair:3   | Found a staircase to the Shoals.
 17759 | Lair:4   | Noticed an acid blob
 17759 | Lair:4   | Found a runed translucent door.
 17759 | Lair:4   | Found a viscous altar of Jiyva.
 18012 | Lair:4   | Noticed an acid blob
 18012 | Lair:4   | Noticed an acid blob
 18014 | Lair:4   | Found a staircase to the Slime Pits.
 18186 | Lair:4   | Received a gift from Okawaru
 18701 | Lair:4   | Noticed Snorg
 18710 | Lair:4   | Killed Snorg
 18800 | Lair:4   | Reached skill level 10 in Alchemy
 18957 | Lair:4   | Noticed Urug
 18978 | Lair:4   | Killed Urug
 19552 | Lair:4   | Received a gift from Okawaru
 19553 | Lair:4   | Reached skill level 10 in Spellcasting
 19821 | Lair:5   | Entered Level 5 of the Lair of Beasts
 19835 | Lair:5   | Reached skill level 1 in Shapeshifting
 19842 | Lair:5   | Reached skill level 2 in Shapeshifting
 19911 | Lair:5   | Reached skill level 3 in Shapeshifting
 20198 | Lair:5   | Reached skill level 4 in Shapeshifting
 20265 | Lair:5   | Reached XP level 14. HP: 67/144 MP: 10/28
 20553 | Lair:5   | Reached skill level 5 in Shapeshifting
 20565 | Lair:5   | Reached ****** piety under Okawaru
 20571 | Lair:5   | Received a gift from Okawaru
 20714 | Lair:5   | Reached skill level 6 in Shapeshifting
 21043 | Lair:5   | Reached skill level 7 in Shapeshifting
 21277 | Lair:5   | Paralysed by a hornet for 1 turns
 21917 | Lair:5   | Reached skill level 8 in Shapeshifting
 22584 | D:11     | Killed Lodul
 22728 | D:11     | Acquired a +6 vampiric demon whip
 22728 | D:11     | Received a gift from Okawaru
 23071 | D:12     | Acquired the +2 cloak "Xuuffap" {rC- Str+10}
 23071 | D:12     | Received a gift from Okawaru
 23135 | D:12     | Reached skill level 9 in Shapeshifting
 23156 | D:12     | Received a gift from Okawaru
 23421 | D:12     | Reached skill level 10 in Shapeshifting
 24538 | D:13     | Received a gift from Okawaru
 24775 | D:13     | Reached skill level 11 in Shapeshifting
 24852 | D:13     | Reached XP level 15. HP: 122/152 MP: 21/29
 25070 | D:13     | Found a transporter.
 25077 | D:13     | Found a transporter.
 25081 | D:13     | Noticed Zesuymiq's ghost (journeyman DrSh)
 25389 | D:14     | Found Vuwuivvi's Book Boutique.
 25438 | D:14     | Identified the +6 mace of Ointment {heavy, Int+3 Dex+3}
 25838 | D:13     | Received a gift from Okawaru
 26060 | D:13     | Reached skill level 12 in Shapeshifting
 26424 | D:14     | Found a gate to the Vaults.
 26716 | D:14     | Reached skill level 13 in Shapeshifting
 26962 | D:14     | Received a gift from Okawaru
 27730 | D:15     | Entered Level 15 of the Dungeon
 27779 | D:15     | Identified the +1 helmet of the Devil {rF+}
 27803 | D:15     | Found a shadowy altar of Dithmenos.
 28295 | D:15     | Reached skill level 1 in Shields
 28543 | D:15     | Found a hazy altar of Hepliaklqana.
 28597 | D:15     | Noticed a fire giant
 28598 | D:15     | Found a staircase to the Depths.
 28760 | D:15     | Killed a fire giant
 29115 | D:15     | Received a gift from Okawaru
 29295 | Orc:1    | Entered Level 1 of the Orcish Mines
 29326 | Orc:1    | Found Ziuxker's Self-Improvement Boutique.
 29350 | Orc:1    | Bought a manual of Shields for 880 gold pieces
 29521 | Orc:1    | Found a bloodstained altar of Trog.
 29567 | Orc:1    | Reached skill level 5 in Shields
 29647 | Orc:1    | Reached skill level 14 in Shapeshifting
 29815 | Orc:2    | Entered Level 2 of the Orcish Mines
 29889 | Orc:2    | Found Dytejuso's Antique Armour Shop.
 29919 | Orc:2    | Reached XP level 16. HP: 160/161 MP: 30/30
 30244 | Orc:2    | Received a gift from Okawaru
 30368 | Orc:2    | Found Umaoren's Antique Armour Shop.
 30370 | Orc:2    | Found Pawneynge's Antique Weapon Boutique.
 30641 | Orc:2    | Found Cuytt's Book Shop.
 30646 | Orc:2    | Bought a Trismegistus Codex for 392 gold pieces
 30651 | Orc:2    | Learned a level 4 spell: Ignite Poison
 30667 | Orc:2    | Found a staircase to the Elven Halls.
 30737 | Orc:2    | Found Liopp's Book Boutique.
 30986 | Spider:1 | Entered Level 1 of the Spider Nest
 31377 | Spider:1 | Received a gift from Okawaru
 31378 | Spider:1 | Reached skill level 10 in Shields
 31884 | Spider:1 | Identified a scroll of acquirement
 31885 | Spider:1 | Acquired the ring "Coafirch" {+Blink rC++ AC+4 Int+2 Dex+3}
 32373 | Spider:2 | Received a gift from Okawaru
 32698 | Spider:2 | Reached skill level 15 in Shapeshifting
 32957 | Spider:2 | Received a gift from Okawaru
 32967 | Spider:2 | Reached XP level 17. HP: 167/167 MP: 15/31
 34083 | Spider:3 | Found a transporter.
 34085 | Spider:3 | Noticed ballabu's ghost (adept DsGl)
 34294 | Spider:3 | Reached skill level 16 in Shapeshifting
 34448 | Spider:3 | Found a transporter.
 34738 | Spider:3 | Noticed Asterion
 34745 | Spider:3 | Killed Asterion
 34745 | Spider:3 | Received a gift from Okawaru
 35046 | Spider:3 | Identified the serpent talisman of Lucidity {+Blink rC-
                  | rCorr Stlth-}
 35046 | Spider:3 | Noticed Aizul
 35060 | Spider:3 | Killed Aizul
 35218 | Spider:4 | Entered Level 4 of the Spider Nest
 35327 | Spider:4 | Noticed Roxanne
 35335 | Spider:4 | Killed Roxanne
 35336 | Spider:4 | Reached skill level 17 in Shapeshifting
 36207 | Spider:4 | Received a gift from Okawaru
 36480 | Spider:4 | Noticed Arachne
 36495 | Spider:4 | Reached skill level 18 in Shapeshifting
 36929 | Spider:4 | Killed Arachne
 36930 | Spider:4 | Reached XP level 18. HP: 176/176 MP: 32/32
 37069 | Spider:4 | Identified the scarf of Puckish Life {+Inv, Will+++}
 37072 | Spider:4 | Got a gossamer rune of Zot
 37224 | Spider:4 | Identified the scarf of Lanasch {harm, rC+}
 37455 | Shoals:1 | Entered Level 1 of the Shoals
 37906 | Shoals:1 | Found a runed translucent gate.
 37906 | Shoals:1 | Found a runed translucent gate.
 37906 | Shoals:1 | Found a runed translucent gate.
 37908 | Shoals:1 | Noticed Yhis Fol's ghost (adept MiFi)
 37937 | Shoals:1 | Identified the +3 falchion of Dixoc {drain, +Blink Will+
                  | Int-2 Dex+2}
 38436 | Shoals:1 | Received a gift from Okawaru
 38466 | Shoals:1 | Killed Yhis Fol's ghost
 38964 | Shoals:2 | Found Caovvasch's Assorted Antiques.
 38984 | Shoals:2 | Bought a scroll of identify for 60 gold pieces
 38984 | Shoals:2 | Bought a scroll of identify for 60 gold pieces
 39200 | Shoals:2 | Reached skill level 5 in Dodging
 39208 | Shoals:2 | Acquired a manual of Spellcasting
 39966 | Shoals:3 | Received a gift from Okawaru
 40276 | Shoals:3 | Found a gateway to a bazaar.
 40301 | Bazaar   | Entered a bazaar
 40350 | Bazaar   | Found Koakeiha's Distillery.
 40364 | Bazaar   | Found Jesmyweu's Magic Scroll Boutique.
 40392 | Bazaar   | Found Sifant's Distillery.
 40430 | Bazaar   | Found Itahimnu's Antique Armour Shop.
 40500 | Bazaar   | Bought a potion of mutation for 72 gold pieces
 40500 | Bazaar   | Bought a potion of might for 36 gold pieces
 40525 | Bazaar   | Bought a scroll of enchant weapon for 97 gold pieces
 40525 | Bazaar   | Bought a scroll of identify for 26 gold pieces
 40525 | Bazaar   | Bought a scroll of identify for 26 gold pieces
 40525 | Bazaar   | Bought a scroll of identify for 26 gold pieces
 40525 | Bazaar   | Bought a scroll of identify for 26 gold pieces
 40534 | Bazaar   | Acquired the amulet of Weiful Venn {Acrobat Will+}
 40559 | Bazaar   | Bought a potion of lignification for 51 gold pieces
 40559 | Bazaar   | Bought a potion of lignification for 51 gold pieces
 40559 | Bazaar   | Bought a potion of heal wounds for 85 gold pieces
 40559 | Bazaar   | Bought a potion of curing for 51 gold pieces
 40559 | Bazaar   | Bought a potion of brilliance for 68 gold pieces
 40559 | Bazaar   | Bought a potion of cancellation for 136 gold pieces
 40559 | Bazaar   | Bought a potion of heal wounds for 85 gold pieces
 40559 | Bazaar   | Bought a potion of curing for 51 gold pieces
 40559 | Bazaar   | Bought a potion of enlightenment for 85 gold pieces
 40605 | Bazaar   | Bought a potion of enlightenment for 45 gold pieces
 40605 | Bazaar   | Bought a potion of brilliance for 36 gold pieces
 40605 | Bazaar   | Bought a potion of heal wounds for 45 gold pieces
 40605 | Bazaar   | Bought a potion of brilliance for 36 gold pieces
 40647 | Bazaar   | Bought a runed orb for 240 gold pieces
 40804 | Shoals:3 | Found Eafov's Eclectic Emporium.
 41128 | Shoals:3 | Reached XP level 19. HP: 197/197 MP: 33/33
 41163 | Shoals:4 | Entered Level 4 of the Shoals
 41198 | Shoals:4 | Got a barnacled rune of Zot
 41321 | Shoals:4 | Received a gift from Okawaru
 41322 | Shoals:4 | Reached skill level 15 in Fighting
 41335 | Shoals:4 | Identified the +1 leather armour "Yjergh" {SInv}
 41458 | Shoals:4 | Reached XP level 20. HP: 213/213 MP: 34/34
 41585 | Shoals:4 | Found Piucwim's Book Shop.
 41916 | Shoals:4 | Noticed Nikola
 41933 | Shoals:4 | Killed Nikola
 42604 | Vaults:1 | Entered Level 1 of the Vaults
 42636 | Vaults:1 | Reached skill level 1 in Evocations
 42659 | Vaults:1 | Found a white marble altar of Elyvilon.
 43059 | Vaults:1 | Received a gift from Okawaru
 43196 | Vaults:1 | Reached skill level 5 in Evocations
 43745 | Vaults:1 | Received a gift from Okawaru
 44211 | Shoals:3 | Bought a potion of experience for 900 gold pieces
 44223 | Shoals:3 | Reached XP level 21. HP: 223/223 MP: 34/37
 44620 | Vaults:2 | Noticed Boris
 44638 | Vaults:2 | Killed Boris
 44925 | Vaults:2 | Found a portal to a secret trove of treasure.
 44972 | Vaults:2 | Found Fozuen's Book Emporium.
 45408 | Vaults:2 | Found a staircase to the Crypt.
 45541 | Vaults:2 | Received a gift from Okawaru
 45542 | Vaults:2 | Reached skill level 10 in Evocations
 45828 | Vaults:2 | Found a runed translucent gate.
 45828 | Vaults:2 | Found a runed translucent gate.
 45828 | Vaults:2 | Found a runed translucent gate.
 45892 | Vaults:2 | Reached XP level 22. HP: 234/234 MP: 38/38
 46158 | Vaults:2 | Found a glowing golden altar of the Shining One.
 46237 | Vaults:2 | Got the Vellum of Spectres and Momentum
 46338 | Vaults:3 | Acquired 683 gold pieces
 46833 | Vaults:3 | Received a gift from Okawaru
 46848 | Vaults:3 | Noticed Boris
 46864 | Vaults:3 | Killed Boris
 47067 | Vaults:3 | You are sucked into a shaft and drop 1 floor!
 47117 | Vaults:4 | Identified the orb of Transparent Brilliance {light,
                  | Rampage rN+ Str-3}
 47117 | Vaults:4 | Noticed Frederick
 47137 | Vaults:4 | Killed Frederick
 47138 | Vaults:4 | Reached skill level 10 in Dodging
 47446 | Vaults:4 | Found Hodoseyte's Antique Armour Shoppe.
 47535 | Vaults:4 | Found Hifuetz's Armour Emporium.
 47607 | Vaults:4 | Noticed Jory
 47631 | Vaults:4 | Killed Jory
 47886 | Vaults:4 | Received a gift from Okawaru
 47894 | Vaults:4 | Noticed Mennas
 47948 | Vaults:4 | Killed Mennas
 48058 | Vaults:4 | Found Eraesil's Magic Scroll Boutique.
 48064 | Vaults:4 | Bought a scroll of enchant armour for 82 gold pieces
 48064 | Vaults:4 | Bought a scroll of enchant armour for 82 gold pieces
 48064 | Vaults:4 | Bought a scroll of enchant weapon for 82 gold pieces
 48068 | Vaults:4 | Bought a scroll of blinking for 82 gold pieces
 48068 | Vaults:4 | Bought a scroll of fog for 44 gold pieces
 48068 | Vaults:4 | Bought a scroll of teleportation for 33 gold pieces
 48098 | Vaults:4 | Found Ysoe's Jewellery Emporium.
 48694 | Vaults:4 | Noticed Bai Suzhen
 48703 | Arena    | Entered the Arena
 48713 | Arena    | Killed Bai Suzhen
 48913 | Vaults:4 | Received a gift from Okawaru
 48940 | Vaults:4 | Found Jitaud's Antique Weapon Shoppe.
 49713 | Crypt:1  | Entered Level 1 of the Crypt
 50067 | Crypt:1  | Noticed Saint Roka
 50077 | Crypt:1  | Reached skill level 1 in Hexes
 50079 | Arena    | Entered the Arena
 50088 | Arena    | Killed Saint Roka
 50146 | Crypt:1  | Received a gift from Okawaru
 50417 | Crypt:1  | Reached XP level 23. HP: 232/232 MP: 39/39
 50417 | Crypt:1  | Noticed Donald
 50426 | Arena    | Entered the Arena
 50431 | Arena    | Killed Donald
 50732 | Crypt:1  | Reached skill level 5 in Hexes
 52201 | Crypt:2  | Received a gift from Okawaru
 52417 | Crypt:3  | Entered Level 3 of the Crypt
 52417 | Crypt:3  | Found the amulet of the Four Winds {rN+ Will+++ Clar}
 53220 | Crypt:2  | Reached skill level 10 in Hexes
 53280 | Crypt:3  | Received a gift from Okawaru
 53607 | Crypt:3  | Learned a level 5 spell: Silence
 53637 | Crypt:3  | Found a staircase to the Tomb.
 53792 | Crypt:3  | Reached skill level 19 in Shapeshifting
 54230 | Crypt:3  | Found a basalt altar of Yredelemnul.
 54246 | Crypt:3  | Received a gift from Okawaru
 54561 | Crypt:3  | Noticed a dread lich
 54575 | Crypt:3  | Killed a dread lich
 54643 | Crypt:3  | Identified the staff of the Warrior {rElec rC+ rN+ Str+2
                  | Dex+3 Necro}
 54813 | Crypt:3  | Reached skill level 20 in Shapeshifting
 54813 | Crypt:3  | Reached XP level 24. HP: 250/250 MP: 39/39
 55162 | Depths:1 | Entered Level 1 of the Depths
 55162 | Depths:1 | Noticed Mara
 55196 | D:15     | Killed Mara
 55196 | D:15     | Received a gift from Okawaru
 55254 | Depths:1 | Found an opulent altar of Gozag.
 55764 | Depths:1 | Identified the +0 long sword of Woe {heavy, Will+ MP+9
                  | Dex+2}
 55766 | Depths:1 | Received a gift from Okawaru
 55860 | Depths:1 | Reached skill level 21 in Shapeshifting
 55957 | Depths:1 | Found an iron altar of Okawaru.
 56514 | Depths:1 | Found a gateway to Hell.
 56738 | Depths:2 | Reached skill level 1 in Unarmed Combat
 56848 | Depths:2 | Noticed a caustic shrike
 56848 | Depths:2 | Noticed a caustic shrike
 56866 | Depths:2 | Noticed a caustic shrike
 57166 | Depths:2 | Received a gift from Okawaru
 57181 | Depths:2 | Reached skill level 5 in Unarmed Combat
 57468 | Depths:2 | Killed a caustic shrike
 57502 | Depths:2 | Killed a caustic shrike
 57534 | Depths:2 | Found a one-way gate leading to the halls of Pandemonium.
 57547 | Depths:2 | Killed a caustic shrike
 57828 | Depths:2 | Received a gift from Okawaru
 58518 | Depths:3 | Found a corrupted altar of Lugonu.
 58518 | Depths:3 | Found a one-way gate to the infinite horrors of the Abyss.
 58578 | Depths:3 | Found a magical portal.
 58583 | WizLab   | Entered Cigotuvi's Fleshworks
 58667 | WizLab   | Reached XP level 25. HP: 258/258 MP: 31/31
 58735 | WizLab   | Identified the flux talisman of Dogmatism {rN+ Int+3}
 58752 | WizLab   | Got Cigotuvi's Exposition on Ghoulish Toxicants
 59220 | WizLab   | Gained mutation: Your spells are a little easier to cast,
                  | but a little less powerful. [a shining eye]
 59444 | WizLab   | Found the -2 hat of the Alchemist {rElec rPois rF+ rC+ rN+
                  | Will+ rMut rCorr}
 59484 | WizLab   | Reached skill level 10 in Unarmed Combat
 60122 | Depths:3 | Received a gift from Okawaru
 60551 | Depths:3 | Found a one-way gateway to a ziggurat.
 60560 | Depths:3 | Noticed Vv
 60579 | Depths:3 | HP: 12/387 [Vv (10)]
 60580 | Depths:3 | HP: 4/387 [Vv (9)]
 60580 | Depths:3 | Mangled by Vv

Illustrated notes

Levels and vault maps discovered:
D:1:      elethiomel_arrival_shortcut, layout_rooms, minmay_lizard_pond
D:2:      layout_rooms
D:3:      layout_basic, grunt_temple_overflow_diamond,
          shapermc_ecumenical_altar_mp_vishouse, hellmonk_ghost_happy_afterlife
D:4:      layout_loops_ring, uniq_natasha
D:5:      layout_cave_pods, serial_park, serial_park_gazebo
          [serial_park_minivault_5x5_1], serial_park_paths
          [serial_park_minivault_5x5_4], serial_park_square3
          [serial_park_minivault_5x5_6], serial_park_tiny_pond, uniq_menkaure,
          uniq_sigmund
D:6:      layout_loops_ring, minmay_temple_entry_sparse_star, serial_shops,
          nicolae_shop_real_fake_doors, minmay_starry_boxes
D:7:      layout_layer_cave, hangedman_misty_isle
D:8:      layout_loops_ring, nicolae_overflow_hidden_temple, uniq_maurice
D:9:      layout_basic, orc_david_3, library_closet,
          hangedman_abyss_or_decor_lesser_grid, uniq_grum
D:10:     nicolae_hexawheel, layout_basic, chequers_serial_rivers_micro_e,
          uniq_harold
D:11:     layout_irregular_city, grunt_lair_entry_orc_guard_hut
D:12:     layout_loops_corners, minmay_pinched_square, uniq_lodul
D:13:     layout_loops_ring, gammafunk_ghost_berserking_beasts, nicolae_titane
D:14:     layout_grid_maze, lightli_vaults_fourway_checkpoint, serial_shops,
          shop
D:15:     grunt_enter_depths_giant_problem, layout_grid_maze,
          nicolae_hepliaklqana_hippocampus,
          nicolae_dithmenos_through_a_glass_darkly
Temple:   nicolae_temple_x_marks_the_god
Lair:1:   beast_lair_carwin_large_2, layout_regular_city
Lair:2:   layout_regular_city, spider_nest_entry_funnel_web, serial_bayou,
          serial_bayou_pond_d, serial_bayou_pond_e, serial_bayou_lake_a,
          serial_bayou_pond_d, lemuel_fruit_tree, infiniplex_staircase_pool
Lair:3:   layout_big_grid, shoals_dummy_entry, serial_bayou_shore_b
Lair:4:   layout_cave_pods, slime_entry_2, minmay_hedge_maze,
          grunt_megastairs_4, uniq_urug, uniq_snorg
Lair:5:   minmay_lair_end_enchanted_forest, layout_regular_city
Shoals:1: layout_shoals, gammafunk_ghost_split,
          nicolae_shoals_water_elemental_grotto
Shoals:2: cheibrodos_shoals_roost, layout_shoals, serial_shops, shop,
          st_sunken_temple
Shoals:3: layout_shoals, serial_shops, bzr_entry_gold, nicolae_alphabet_shops
Shoals:4: shoals_end_simple, layout_shoals, serial_shops, shop, uniq_nikola
Spider:1: layout_spider_delve
Spider:2: layout_chambers, spiders_nest_hornet_nest
Spider:3: layout_cave_pods, gammafunk_ghost_mausoleum, uniq_aizul, uniq_asterion
Spider:4: grunt_spider_rune_parallel, uniq_arachne, uniq_roxanne
Orc:1:    nicolae_orc_accident_1, layout_diamond_mine, basic_altar,
          nicolae_shop_self_help
Orc:2:    grunt_orc_community_town_hall, layout_caves,
          grunt_orc_community_big_house_1, grunt_orc_community_big_house_2,
          grunt_orc_community_house_3, grunt_orc_community_house_3,
          grunt_orc_community_house_3, grunt_orc_community_house_2,
          grunt_orc_community_house_2, serial_shops, shop, mines4_lemuel
Vaults:1: nicolae_vaults_mini_display_case, minmay_orc_keep,
          ontoclasm_vaults_bender, ontoclasm_vaults_idyll, lemuel_angel_altar,
          grunt_vaults_hallway_long, nicolae_vaults_double_plus_2,
          nicolae_vaults_yaktaur_gun_rack, v_misc_30, grunt_vaults_focal,
          nicolae_vaults_network_s, v_misc_19, nicolae_vaults_lightning_bolt,
          v_misc_22, nicolae_vaults_tangram_1, special_room_vaults
          [special_room_orc], layout_vaults_big_room
Vaults:2: abrahamwl_protected_by_tso_2, nicolae_vaults_shrinking_rooms_1,
          hangedman_vaults_slice, minmay_crypt_entry_simple_statues, v_misc_14,
          nicolae_vaults_alarming, nicolae_vaults_doubleplus_tesselated,
          v_misc_14, hangedman_vaults_cutoff,
          nicolae_vaults_trapezoid_lopsided_4, nicolae_vaults_ring_of_whatevers,
          v_misc_30, nicolae_vaults_tangram_2, nicolae_vaults_big_angled_halls,
          layout_vaults_omnibox, enter_trove_1, serial_shops, shop, uniq_boris
Vaults:3: hangedman_vaults_impose, v_pattern_1, nicolae_vaults_two_Ls,
          nicolae_vaults_diamond_1, ontoclasm_vaults_tryst, v_misc_14,
          nicolae_vaults_tetromino_Z_1, hangedman_vaults_locks,
          nicolae_vaults_network_barrier, nicolae_vaults_wrenched, v_rooms_1,
          nicolae_vaults_closet_pinwheel_3, nicolae_vaults_diagonal_hallway_6,
          layout_vaults_maze_snakey
Vaults:4: nicolae_vaults_trapezoid_lopsided_4, vaults_room_ringed_pool,
          v_pattern_5, nicolae_vaults_little_squares_6, dpeg_vaults_monster_row,
          nicolae_vaults_sesquioval_fish, layout_vaults_omnigrid, serial_shops,
          nicolae_shop_getting_attention, shop, nicolae_shop_gaudy_bauble,
          nicolae_shop_hallway_plus, shop, uniq_jory, uniq_mennas,
          uniq_bai_suzhen, uniq_frederick
Crypt:1:  layout_gridlike, uniq_saint_roka, uniq_donald
Crypt:2:  layout_gridlike
Crypt:3:  church_of_pain_bobbens, layout_chaotic_city, tomb_entry_shell_bobbens,
          grunt_ministairs_10
Depths:1: minmay_the_grid_3x3 [minmay_the_grid_spikes, minmay_the_grid_x,
          minmay_the_grid_embedded, minmay_the_grid_minigrid_medium,
          minmay_the_grid_odd_star, minmay_the_grid_dragon_b,
          minmay_the_grid_zigzag_pyramid, minmay_the_grid_minigrid_small_alt,
          minmay_the_grid_prize_four_corners_diamond_b], layout_basic,
          nicolae_gozag_seed_capital, hell_entry, minmay_stone_trees_small,
          eino_tiny_chamber, okawaru_trees_2, uniq_mara
Depths:2: tekkud_shrikecote, layout_cave_shapes, serial_sigils_hangedman_stare,
          grunt_mini_vestibule, pan_entry, infiniplex_staircase_zigzag_5
Depths:3: nicolae_cairo_tiling_very_big, layout_basic, enter_ziggurat_c,
          serial_corexii_hall, corexii_hall_statues_x, corexii_hall_statues_l,
          abyss_entry_flame_altar, hell_entry, mu_enter_wizlab_7,
          grunt_decor_cap, uniq_vv

Skill      XL: |  1  2  3  4  5  6  7  8  9 10 11 12 13 14 15 16 17 18 19 20 21 22 23 24 25 |
---------------+----------------------------------------------------------------------------+-----
Fighting       | 1 2 3 4 6 7 8 10 14 15 16 | 16.6
Spellcasting   | 4 7 10 12 | 12.6
Maces & Flails | 1 2 3 5 6 8 10 12 | 12.9
Invocations    | 1 6 9 |  9.0
Armour         | 6 |  6.9
Alchemy        | 1 7 10 | 10.6
Shapeshifting  | 4 11 14 15 18 20 21 | 21.4
Shields        | 6 13 | 13.2
Dodging        | 6 7 13 | 13.4
Evocations     | 7 10 | 10.0
Hexes          | 3 10 | 10.8
Unarmed Combat | 8 11 | 11.2
Stealth        | |  1.4
Conjurations   | |  0.8
Summonings     | |  0.8
Translocations | |  0.8

Action                     |  1- 3 |  4- 6 |  7- 9 | 10-12 | 13-15 | 16-18 | 19-21 | 22-24 | 25-27 || total
---------------------------+-------+-------+-------+-------+-------+-------+-------+-------+-------++-------
  Melee: Dagger            |    49 |       |       |       |       |       |       |       |       ||    49
         Headbutt          |    10 |     8 |    43 |   172 |   245 |   262 |   207 |   743 |       ||  1690
         Punch             |     1 |     4 |    13 |    55 |    96 |       |       |     5 |    32 ||   206
         Whip              |     9 |    79 |   173 |   632 |   483 |       |       |       |       ||  1376
         Demon whip        |       |       |       |       |   592 |  1116 |   601 |  1296 |       ||  3605
         Sacred scourge    |       |       |       |       |       |       |       |  1078 |       ||  1078
         Unarmed           |       |       |       |       |       |       |       |    36 |   170 ||   206
         Bite              |       |       |       |       |       |       |       |     6 |    22 ||    28
         Tailslap          |       |       |       |       |       |       |       |     5 |    38 ||    43
   Cast: Magic Dart        |    14 |       |       |       |       |       |       |       |       ||    14
         Sandblast         |     9 |       |       |       |       |       |       |       |       ||     9
         Olgreb's Toxic Ra |       |       |       |     6 |    51 |    94 |    33 |    28 |       ||   212
         Mephitic Cloud    |       |       |       |       |     5 |       |       |       |       ||     5
         Ignite Poison     |       |       |       |       |       |    38 |    15 |    11 |       ||    64
 Invoke: Heroism           |       |       |       |     2 |     2 |     1 |       |     3 |       ||     8
         Finesse           |       |       |       |     2 |     2 |     1 |       |     3 |       ||     8
         Receive Weapon    |       |       |       |       |     1 |       |       |       |       ||     1
         Receive Armour    |       |       |       |       |     1 |       |       |       |       ||     1
         Duel              |       |       |       |       |       |       |       |     3 |       ||     3
  Evoke: Wand              |       |       |       |     2 |       |       |       |       |       ||     2
         Tin of tremorston |       |       |       |       |       |       |     2 |     2 |       ||     4
    Use: Scroll            |       |     3 |     3 |    12 |    13 |    20 |     2 |     8 |     1 ||    62
         Potion            |       |       |     1 |     4 |     1 |     2 |     3 |     3 |     9 ||    23
   Stab: Sleeping          |     2 |     2 |     4 |     2 |     3 |     6 |       |     3 |       ||    22
         Distracted        |       |       |     1 |    17 |    11 |       |       |     2 |       ||    31
         Confused          |       |       |       |       |     4 |       |       |       |       ||     4
         Held in net/web   |       |       |       |       |       |       |     1 |       |       ||     1
 Armour: Robe              |    52 |    40 |    92 |    63 |       |       |       |       |       ||   247
         Acid dragon scale |       |       |       |   392 |   730 |       |       |       |       ||  1122
         Skin              |       |       |       |       |   130 |  1223 |   542 |  2136 |   176 ||  4207
  Dodge: Dodged            |    47 |    33 |    55 |   170 |   307 |   398 |   244 |  1103 |    80 ||  2437
  Block: Kite shield       |       |       |       |       |   124 |  1165 |   581 |  2487 |       ||  4357
         Reflection        |       |       |       |       |    21 |    32 |    28 |    22 |       ||   103
         Form:             |       |       |       |       |     1 |       |       |       |       ||     1
         Serpent           |       |       |       |       |     1 |       |       |       |       ||     1
         Statue            |       |       |       |       |     1 |       |       |       |       ||     1
         Dragon            |       |       |       |       |       |       |       |     1 |       ||     1

Table legend: (Time is in decaauts)
 A = Elapsed time spent in this place.
 B = Non-inter-level travel time spent in this place.
 C = Inter-level travel time spent in this place.
 D = Time resting spent in this place.
 E = Time spent auto-exploring this place.
 F = Levels seen in this place.
 G = Mean time per level.
                   A        B        C        D        E       F      G
               +--------+--------+--------+--------+--------+-----+--------+
         Total |  72298 |  66853 |   5445 |   8611 |  46217 |  46 | 1571.7 |
       Dungeon |  20896 |  18885 |   2011 |   3442 |  12794 |  15 | 1393.1 |
        Temple |     34 |      1 |     33 |      0 |      0 |   1 |   34.0 |
          Lair |  10244 |   9381 |    863 |   1806 |   6580 |   5 | 2048.8 |
        Shoals |   6286 |   5872 |    414 |     43 |   4576 |   4 | 1571.5 |
   Spider Nest |   8965 |   7872 |   1093 |   1093 |   5088 |   4 | 2241.2 |
  Orcish Mines |   2248 |   2172 |     76 |      0 |   1759 |   2 | 1124.0 |
        Vaults |   9357 |   8802 |    555 |    684 |   6463 |   4 | 2339.2 |
         Crypt |   7337 |   7094 |    243 |   1531 |   4069 |   3 | 2445.7 |
        Depths |   5021 |   4867 |    154 |      0 |   3670 |   3 | 1673.7 |
        Bazaar |    544 |    544 |      0 |      0 |    216 |   1 |  544.0 |
        Wizlab |   1290 |   1290 |      0 |      0 |    996 |   1 | 1290.0 |
         Arena |     71 |     71 |      0 |     10 |      4 |   3 |   23.7 |
               +--------+--------+--------+--------+--------+-----+--------+

Top non-repeatable levels by time:
 Crypt:2: 3114 daAuts
Spider:4: 2954 daAuts
Vaults:4: 2654 daAuts
Vaults:2: 2605 daAuts
  Lair:5: 2453 daAuts
Spider:2: 2437 daAuts
  Lair:1: 2367 daAuts
 Crypt:3: 2296 daAuts
    D:15: 2290 daAuts
  Lair:2: 2187 daAuts
Depths:2: 2167 daAuts
    D:11: 2095 daAuts
Vaults:1: 2065 daAuts
Vaults:3: 2031 daAuts
    D:12: 2004 daAuts
